 Dungeon Crawl Stone Soup version 0.24-a0-264-gf46a388 (webtiles) character file.

Game seed: 8708684711494857530

536 Hasart the Cutter (level 7, -5/42 HPs)
             Began as a Kobold Gladiator on Apr 20, 2019.
             Splashed by a jelly's acid (8 damage)
             ... on level 5 of the Dungeon.
             The game lasted 00:09:03 (3602 turns).

Hasart the Cutter (Kobold Gladiator)                Turns: 3602, Time: 00:09:05

Health: -5/42      AC:  1    Str: 13    XL:     7   Next: 50%
Magic:  8/8        EV: 16    Int: 10    God:
Gold:   176        SH:  0    Dex: 16    Spells: 6/6 levels left

rFire    + . .     SeeInvis .   a - +0 rapier
rCold    . . .     Gourm    .   (shield restricted)
rNeg     . . .     Faith    .   g - +3 ring mail {MR+}
rPois    .         Spirit   .   c - +0 helmet
rElec    .         Reflect  .   (no cloak)
rCorr    .         Harm     .   (no gloves)
MR       ++...                  (no boots)
Stlth    ++........             l - amulet of the acrobat
HPRegen  0.14/turn              k - ring of protection from fire
MPRegen  0.11/turn              q - ring of protection from magic

@: corroded
A: small, carnivore
a: no special abilities


You were on level 5 of the Dungeon.
You were completely stuffed.

You visited 1 branch of the dungeon, and saw 6 of its levels.

You collected 176 gold pieces.

Inventory:

Hand Weapons
 a - a +0 rapier (weapon)
Missiles
 d - 3 throwing nets (quivered)
Armour
 b - a +0 leather armour
 c - a +0 helmet (worn)
 g - a +3 ring mail of magic resistance (worn)
Jewellery
 k - a ring of protection from fire (left hand)
 l - an amulet of the acrobat (around neck)
 q - a ring of protection from magic (right hand)
Wands
 p - a wand of acid (8)
Scrolls
 e - 2 scrolls of blinking
 h - 2 scrolls of identify
 m - a scroll of amnesia {unknown}
Potions
 o - a potion of brilliance
Comestibles
 f - 5 rations
 i - 2 chunks of flesh


   Skills:
 + Level 3.8 Fighting
 * Level 6.7 Short Blades
 - Level 2.1 Throwing
 + Level 2.0 Armour
 + Level 5.0 Dodging
 + Level 4.0 Stealth
 + Level 2.2 Evocations


You had 6 spell levels left.
You didn't know any spells.
Your spell library contained the following spells:

 Spells                   Type           Power        Failure   Level  Hunger
 Confusing Touch          Hex            #.....       63%         1    ##.....
 Confuse                  Hex            #.......     94%         3    ####...
 Gell's Gravitas          Tloc           #.........   94%         3    ####...
 Petrify                  Tmut/Erth      #.......     100%        4    #####..
 Metabolic Englaciation   Hex/Ice        #.........   100%        5    ######.
 Yara's Violent Unravell  Hex/Tmut       #.........   100%        5    ######.


Dungeon Overview and Level Annotations

Branches:
Dungeon (6/15)
 Temple: D:4-7

Altars:
Cheibriados
Dithmenos
Nemelex Xobeh
Qazlal
Sif Muna
Vehumet
Xom
The Shining One

Shops:
D:5 =


Innate Abilities, Weirdness & Mutations

You are small and have problems with some larger weapons.
You are carnivorous and can eat meat at any time.


Message History

The adder completely misses you. The adder misses you.
You hit the adder.
The adder is severely wounded.
The adder misses you. The adder bites you but does no damage.
You miss the adder.
The adder is severely wounded.
The adder closely misses you.
You hit the adder.
You kill the adder!
You hit the jelly.
Your hands burn!
* * * LOW HITPOINT WARNING * * *
The jelly is lightly wounded.
You hit the jelly but do no damage. The acid corrodes you!
Your hands burn!
* * * LOW HITPOINT WARNING * * *
The jelly is lightly wounded.
The jelly hits you.
* * * LOW HITPOINT WARNING * * *
The acid corrodes you!
You are splashed with acid!
You die...

#.......#
######.......#
#.†..o..#.##.#
#.####..#.##.###
#.####......o..#
#o##.......(.#.#
#.##.#.......#.####
#J##.#....#........
#.@..>....##.#.####
####...#.......#
##........###
#........#
#........#
#........#
#........#
..........#
.###.......#


You could see a jelly and an orc.

Vanquished Creatures
  An ogre (D:4)
  A bullfrog (D:5)
  A scorpion (D:4)
  A howler monkey (D:5)
  A centaur zombie (D:5)
  An orc wizard (D:3)
  Ijyb (D:3)
  2 worker ants (D:4)
  6 adders
  2 adder skeletons (D:4)
  2 worms
  3 dart slugs
  4 leopard geckos
  8 orcs
  2 giant cockroaches
  8 goblins
  7 hobgoblins
  7 jackals
  4 kobolds
  2 ball pythons
  3 bats (D:1)
  10 frilled lizards
  7 rats
84 creatures vanquished.

Notes
Turn   | Place    | Note
-------+----------+-------------------------------------------
     0 | D:1      | Hasart the Kobold Gladiator began the quest for the Orb.
     0 | D:1      | Reached XP level 1. HP: 12/12 MP: 1/1
   119 | D:1      | Reached XP level 2. HP: 17/17 MP: 2/2
   195 | D:1      | Reached skill level 1 in Stealth
   345 | D:1      | Reached XP level 3. HP: 14/22 MP: 3/3
   794 | D:2      | Found a glowing golden altar of the Shining One.
   800 | D:2      | Found a shadowy altar of Dithmenos.
   862 | D:2      | Reached XP level 4. HP: 25/27 MP: 4/4
  1146 | D:2      | Found a stormy altar of Qazlal.
  1146 | D:2      | Found a shimmering altar of Xom.
  1149 | D:2      | Found a sparkling altar of Nemelex Xobeh.
  1152 | D:2      | Found a snail-covered altar of Cheibriados.
  1299 | D:2      | Reached skill level 5 in Short Blades
  1330 | D:2      | Found a radiant altar of Vehumet.
  1670 | D:3      | Found a deep blue altar of Sif Muna.
  1686 | D:3      | Reached skill level 1 in Armour
  1899 | D:3      | Reached XP level 5. HP: 27/32 MP: 5/5
  2133 | D:3      | Noticed Ijyb
  2135 | D:3      | Killed Ijyb
  2538 | D:4      | Noticed an ogre
  2541 | D:4      | Killed an ogre
  2541 | D:4      | Reached skill level 6 in Short Blades
  2541 | D:4      | Reached skill level 1 in Evocations
  2541 | D:4      | Reached XP level 6. HP: 37/37 MP: 6/6
  2978 | D:4      | Reached XP level 7. HP: 22/41 MP: 8/8
  3490 | D:4      | You fall through a shaft!
  3490 | D:5      | Entered Level 5 of the Dungeon
  3492 | D:5      | Found Tuniho Imua's Jewellery Emporium.
  3564 | D:5      | Reached skill level 5 in Dodging
  3602 | D:5      | Splashed by a jelly's acid

Levels and vault maps discovered:
D:1:      psy_arrival_radial01, layout_loops_cross
D:2:      layout_basic, vehumet_crystals, grunt_temple_overflow_cloverleaf,
          grunt_temple_overflow_open
D:3:      layout_basic, nicolae_overflow_hidden_temple, uniq_ijyb
D:4:      minmay_bubble_buster, layout_layer_cave, minmay_manual_moon
D:5:      layout_loops_cross, overflow_temple_1_default, first_ration,
          serial_shops, nicolae_shop_crystal, uniq_eustachio
D:6:      layout_loops_ring, minmay_temple_entry_stoned_glass

Skill      XL: |  1  2  3  4  5  6  7 |
---------------+----------------------+-----
Stealth        | 1 2 3 4 |  4.0
Dodging        | 4 5 |  5.0
Short Blades   | 5 6 |  6.7
Armour         | 1 2 |  2.0
Fighting       | 3 |  3.8
Evocations     | 1 2 |  2.2
Throwing       | |  2.1

Action                   |  1- 3 |  4- 6 |  7- 9 || total
-------------------------+-------+-------+-------++-------
Melee: Rapier            |   124 |   212 |    48 ||   384
  Use: Scroll            |       |     4 |       ||     4
 Stab: Sleeping          |       |     3 |     1 ||     4
  Eat: Chunk             |     8 |     7 |     2 ||    17
Armor: Leather armour    |     3 |       |       ||     3
       Ring mail         |    35 |    33 |    19 ||    87
Dodge: Dodged            |    97 |   133 |    56 ||   286

Table legend:
 A = Non-vault XP
 B = Vault XP
 C = Vault XP percentage of total XP
 D = Non-vault monster count
 E = Vault monster count
 F = Vault count percentage of total count
                 A         B        C        D         E       F
            +---------+---------+-------+---------+---------+-------
      Total |     732 |      35 |   4.6 |      83 |       1 |   1.2
            +---------+---------+-------+---------+---------+-------
        D:1 |      38 |       0 |   0.0 |      23 |       0 |   0.0
        D:2 |      71 |       0 |   0.0 |      25 |       0 |   0.0
        D:3 |     109 |      35 |  24.3 |      19 |       1 |   5.0
        D:4 |     291 |       0 |   0.0 |      11 |       0 |   0.0
        D:5 |     223 |       0 |   0.0 |       5 |       0 |   0.0
            +---------+---------+-------+---------+---------+-------
